 Dungeon Crawl Stone Soup version 0.28.0-53-g5a82cb258f (webtiles) character file.

Game seed: 12763242655358082524

226 issech the Chopper (level 5, 0/47 HPs)
             Began as a Minotaur Monk on June 26, 2022.
             Slain by an ogre
             ... wielding a +0 giant spiked club
              (20 damage)
             ... on level 4 of the Dungeon.
             The game lasted 00:06:39 (3188 turns).

issech the Chopper (Minotaur Monk)                  Turns: 3188, Time: 00:06:40

Health: 0/47       AC:  5    Str: 15    XL:     5   Next: 69%
Magic:  4/4        EV: 12    Int:  7    God:
Gold:   151        SH:  0    Dex: 15    Spells: 4/4 levels left

rFire   + . .      SeeInvis .   k - +0 morningstar
rCold   . . .      Faith    .   (no shield)
rNeg    . . .      Spirit   .   m - +0 ring mail
rPois   .          Reflect  .   (helmet restricted)
rElec   .          Harm     .   s - scarf {shadows}
rCorr   .          Rampage  .   (no gloves)
Will    .....                   (no boots)
Stlth   +.........              (no amulet)
HPRegen 0.15/turn               h - ring of protection from fire
MPRegen 0.09/turn               (no ring)

@: no status effects
A: horns 2, retaliatory headbutt
a: no special abilities


You were on level 4 of the Dungeon.
You visited 1 branch of the dungeon, and saw 4 of its levels.

You collected 151 gold pieces.

Inventory:

Hand Weapons
 a - a +0 hand axe
 k - a +0 morningstar (weapon)
 n - a +0 dagger of distortion
Missiles
 c - 16 bolts
 d - 70 arrows
 f - 20 sling bullets
 g - 80 stones (quivered)
 r - 5 poisoned darts
Armour
 b - a +0 robe
 m - a +0 ring mail (worn)
 s - a scarf of shadows (worn)
 w - the +0 leather armour "Caesop" {rC+ rN++ Dex-5 Stlth+}
   (You found it on level 4 of the Dungeon)

   Dex:       It affects your dexterity (-5).
   rC:        It protects you from cold.
   rN:        It greatly protects you from negative energy.
   Stlth:     It makes you more stealthy.
Jewellery
 h - a ring of protection from fire (left hand)
Scrolls
 e - a scroll of amnesia {unknown}
 j - a scroll of blinking {unknown}
 o - 3 scrolls of identify {unknown}
 p - a scroll of magic mapping {unknown}
 q - 2 scrolls of fear {unknown}
 t - a scroll of noise {unknown}
 u - a scroll of silence {unknown}
 v - a scroll of fog {unknown}
Potions
 i - a potion of heal wounds {unknown}
 l - a potion of cancellation {unknown}
 x - a potion of curing {unknown}


   Skills:
 + Level 4.8 Fighting
 + Level 4.8(5.2) Axes
 + Level 2.5(4.1) Maces & Flails
 + Level 2.2 Armour
 + Level 4.2 Dodging
 + Level 2.0 Stealth


You had 4 spell levels left.
You didn't know any spells.
Your spell library was empty.

Dungeon Overview and Level Annotations

Branches:
Dungeon (4/15)
 Temple: D:4-7

Altars:
Elyvilon
Uskayaw

Shops:
D:2 [(

Annotations:
D:2 1 runed translucent door, Crazy Yiuf


Innate Abilities, Weirdness & Mutations

You have a pair of horns on your head.
You reflexively headbutt those who attack you in melee.


Message History

The hound is heavily wounded.
The hound bites you. The hound closely misses you.
You closely miss the hound. You headbutt the hound.
The hound is heavily wounded.
The hound barely misses you. The hound misses you.
You puncture the hound!
You kill the hound!
Your Stealth skill increases to level 2!
Found an escape hatch in the ceiling.
You see here a hound corpse.
d - 70 arrows (gained 16)
v - a scroll labelled UNOVVUHIOKH
There is an escape hatch in the ceiling here.
A mysterious force pulls you upwards. The hatch slams shut behind you.
HP restored.
Done exploring.
There is a stone staircase leading down here.
You climb downwards.
Found a scroll labelled YLET NIUMN and a pitted leather armour.
There is a stone staircase leading up here.
You puncture the worm! You headbutt the worm.
You kill the worm!
You see here a worm corpse.
o - 3 scrolls labelled YLET NIUMN (gained 1)
Things that are here:
the +0 leather armour "Caesop" {rC+ rN++ Dex-5 Stlth+}; a +0 robe
w - the +0 leather armour "Caesop" {rC+ rN++ Dex-5 Stlth+}
x - an orange potion An ogre comes into view.
It is wielding a +0 giant spiked club.
The ogre shouts!
You throw a stone. The stone hits the ogre.
The ogre is lightly wounded.
You hit the ogre. You headbutt the ogre!
The ogre is heavily wounded.
The ogre hits you with a +0 giant spiked club!!
Ouch! That really hurt!
You hit the ogre.
The ogre is heavily wounded.
The ogre hits you with a +0 giant spiked club!!
You die...

#.......... #....##
#.......... #.....#
#.......... #.....###
##......... #.......##
##...†.... #........##
###...... ##....(....##
##.......
##.....O.....###........
#......@......#..##<....
................#######.
##.............## ##
...............##
#..............##
#####......###..## ####
##...### ##..###
##...### #..## ##...##
.......###..# ##...##


You could see an ogre.

Vanquished Creatures
  A scorpion (D:4)
  A hound (D:4)
  An orc priest (D:2)
  Natasha (D:3)
  2 orc wizards
  An adder (D:3)
  A worm (D:4)
  A dart slug (D:1)
  3 ball pythons
  3 endoplasms
  A giant cockroach (D:4)
  3 goblins
  3 hobgoblins
  A quokka (D:1)
  2 bats
  2 frilled lizards
  3 rats
30 creatures vanquished.

Vanquished Creatures (others)
  5 plants (D:1)
  12 withered plants (D:1)
17 creatures vanquished.

Grand Total: 47 creatures vanquished

Notes
Turn   | Place    | Note
-------+----------+-------------------------------------------
     0 | D:1      | issech the Minotaur Monk began the quest for the Orb.
     0 | D:1      | Reached XP level 1. HP: 19/19 MP: 0/0
   157 | D:1      | Found a faded altar of an unknown god.
   260 | D:1      | Reached XP level 2. HP: 27/27 MP: 1/1
   774 | D:2      | Found Cucy's Armour Boutique.
   797 | D:2      | Found a white marble altar of Elyvilon.
  1077 | D:2      | Found Voch's Weapon Shoppe.
  1306 | D:2      | Found a runed translucent door.
  1307 | D:2      | Noticed Crazy Yiuf
  1537 | D:3      | Reached XP level 3. HP: 23/33 MP: 2/2
  1579 | D:3      | HP: 1/33 [orc priest/+0 mace (3)]
  2014 | D:3      | Reached skill level 1 in Maces & Flails
  2014 | D:3      | Reached XP level 4. HP: 28/41 MP: 3/3
  2038 | D:2      | Reached skill level 1 in Armour
  2540 | D:3      | Found a hide-covered altar of Uskayaw.
  2675 | D:3      | Noticed Natasha
  2680 | D:3      | Killed Natasha
  3020 | D:4      | Noticed a scorpion
  3023 | D:4      | Reached XP level 5. HP: 47/47 MP: 4/4
  3112 | D:4      | Identified the +0 leather armour "Caesop" {rC+ rN++ Dex-5
                  | Stlth+}
  3180 | D:4      | Noticed an ogre
  3188 | D:4      | Slain by an ogre

Illustrated notes

Levels and vault maps discovered:
D:1:      wander_arrival_desolate, layout_rooms,
          shapermc_ecumenical_altar_flowoftime, fountainhead
D:2:      layout_basic, basic_altar, serial_shops, nicolae_shop_stone,
          nicolae_shop_bloodbath_and_beyond, chequers_serial_rivers_room_b,
          grunt_decor_mini_mirrors, uniq_crazy_yiuf_cottage
D:3:      layout_loops_ring, nicolae_uskayaw_murder_on_the_dancefloor,
          uniq_natasha
D:4:      black_bear_nest_2, layout_cave_pods, xom_redecorated

Skill      XL: |  1  2  3  4  5 |
---------------+----------------+-----
Fighting       | 4 |  4.8
Axes           | 4 |  4.8
Maces & Flails | 1 2 |  2.5
Armour         | 1 2 |  2.2
Dodging        | 4 |  4.2
Stealth        | 2 |  2.0

Action                   |  1- 3 |  4- 6 || total
-------------------------+-------+-------++-------
Melee: Hand axe          |    55 |       ||    55
       Headbutt          |    21 |     5 ||    26
       Morningstar       |    28 |    23 ||    51
Throw: Stone             |       |     1 ||     1
Armor: Robe              |     4 |       ||     4
       Ring mail         |    12 |     8 ||    20
Dodge: Dodged            |    50 |     9 ||    59
